 Dungeon Crawl Stone Soup version 0.21-a0-84-g85d6d27 (webtiles) character file.

354 Kurtz the Slasher (level 6, -1/32 HPs)
             Began as a Vine Stalker Abyssal Knight on July 4, 2017.
             Was a Priest of Lugonu.
             Killed by divine providence
             ... invoked by an orc priest
              (9 damage)
             ... on level 4 of the Dungeon.
             The game lasted 00:07:46 (2969 turns).

Kurtz the Slasher (Vine Stalker Abyssal Knight)     Turns: 2969, Time: 00:07:47

Health: -1/32      AC:  8    Str: 17    XL:     6   Next: 63%
Magic:  0/8        EV:  7    Int: 12    God:    Lugonu [***...]
Gold:   149        SH:  0    Dex: 13    Spells: 5/5 levels left

rFire    . . .     SeeInvis .   o - +0 long sword
rCold    . . .     Gourm    .   (no shield)
rNeg     . . .     Faith    .   n - +0 chain mail
rPois    .         Spirit   +   (no helmet)
rElec    .         Reflect  .   (no cloak)
rCorr    .         Harm     .   (no gloves)
MR       .....                  (no boots)
Stlth    ..........             s - amulet of guardian spirit
HPRegen  0.50/turn              (no ring)
MPRegen  0.11/turn              (no ring)

@: no status effects
A: fangs 2, regeneration 1, magic shield, antimagic bite, no potion heal 3, rot
immunity
a: Depart the Abyss, Bend Space, Banish, Renounce Religion


You were on level 4 of the Dungeon.
You worshipped Lugonu.
Lugonu was most pleased with you.
You were not hungry.

You visited 1 branch of the dungeon, and saw 4 of its levels.
You visited the Abyss 1 time.

You collected 149 gold pieces.

Inventory:

Hand Weapons
 a - a +1 falchion
 o - a +0 long sword (weapon)
Armour
 b - a +0 leather armour
 n - a +0 chain mail (worn)
Jewellery
 s - an amulet of guardian spirit (around neck)
Wands
 p - a wand of random effects (20/48)
Scrolls
 d - 3 scrolls of remove curse
 h - 3 scrolls of identify {unknown}
 i - 3 scrolls of teleportation {unknown}
 j - a scroll of enchant weapon {unknown}
 k - a scroll of recharging {unknown}
 q - a scroll of amnesia {unknown}
 r - 2 scrolls of immolation {unknown}
Potions
 e - a potion of invisibility {unknown}
 l - a potion of heal wounds {unknown}
 m - a potion of lignification {unknown}
Comestibles
 c - 4 bread rations
 f - 2 chunks of flesh
 g - 4 royal jellies


   Skills:
 - Level 2.6 Fighting
 * Level 6.0 Long Blades
 - Level 1.5 Armour
 - Level 0.7 Dodging
 * Level 2.5 Invocations


You had 5 spell levels left.
You didn't know any spells.

Dungeon Overview and Level Annotations

Branches:
Dungeon (4/15)
 Temple: D:4-7

Altars:
Makhleb
Trog
Xom


Innate Abilities, Weirdness & Mutations

You have extremely sharp teeth.
Your natural rate of healing is unusually fast.
When hurt, damage is shared between your health and your magic reserves.
Your bite disrupts and absorbs the magic of your enemies.
Potions cannot restore your health.
You are immune to rotting.


Message History

You hit the orc priest but do no damage.
The orc priest is almost dead.
The orc priest hits you but does no damage.
You hit the orc priest but do no damage.
The orc priest is almost dead.
The orc priest hits you but does no damage.
You hit the orc priest but do no damage.
The orc priest is almost dead.
The orc priest hits you but does no damage.
The orc priest calls down the wrath of Beogh upon you.
Pain shoots through your body!
* * * LOW HITPOINT WARNING * * *
You hit the orc priest but do no damage.
Your bite misses the orc priest.
The orc priest is almost dead.
The orc wizard casts a spell.
The orc wizard blinks!
The orc priest invokes the aid of Beogh against you.
Beogh smites you!
You die...

###....#..####'####....#
#.....######....######'#
#.....#....#.....>#.....
#.....#....'......#.....
#.....#....#......#.....
#.....#....#......#.....
#.....##..##...#########
###....#ยง.##...####.#
#...)@o.#.........+
#....#..#.........# #
#######....#..##........#
######.......####..##........#...
.#...'.......#...............#...
.#...#.......#.....##...######...
##...#.......#+##'###..<#........
##...###+#..........#r..#........
'........#..........#.oo#........


You could see an orc priest.

Vanquished Creatures
  The ghost of octopodefightclub the Skirmisher, an amateur OpGl (D:4)
  Jessica (D:2)
  Ijyb (D:3)
  A worker ant (D:4)
  5 adders
  2 oozes
  4 worms
  A dart slug (D:1)
  A leopard gecko (D:2)
  6 orcs
  2 ball pythons
  11 bats
  6 hobgoblins
  12 jackals
  A quokka (D:4)
  3 frilled lizards
  9 goblins
  2 kobolds
  13 rats
82 creatures vanquished.

Notes
Turn   | Place    | Note
-------+----------+-------------------------------------------
     0 | Abyss:1  | Kurtz the Vine Stalker Abyssal Knight began the quest for the Orb.
     0 | Abyss:1  | Reached XP level 1. HP: 11/11 MP: 3/3
    11 | Abyss:1  | Found a corrupted altar of Lugonu.
    13 | D:1      | Escaped the Abyss
    40 | D:1      | Reached skill level 2 in Long Blades
   201 | D:1      | Reached XP level 2. HP: 16/16 MP: 4/4
   622 | D:1      | Reached skill level 3 in Long Blades
   720 | D:1      | Reached ** piety under Lugonu
   720 | D:1      | Reached XP level 3. HP: 19/19 MP: 5/5
   978 | D:2      | Noticed Jessica
   982 | D:2      | Killed Jessica
   982 | D:2      | Gained mutation: Your natural rate of healing is unusually fast. [Vine Stalker growth]
   982 | D:2      | Reached XP level 4. HP: 11/23 MP: 3/6
  1100 | D:2      | Found a shimmering altar of Xom.
  1100 | D:2      | Found a burning altar of Makhleb.
  1202 | D:2      | Reached skill level 4 in Long Blades
  1394 | D:2      | Noticed a moth of wrath
  1397 | D:2      | Found a bloodstained altar of Trog.
  1921 | D:3      | Noticed Ijyb
  1952 | D:3      | Killed Ijyb
  1952 | D:3      | Reached XP level 5. HP: 27/27 MP: 7/7
  2358 | D:3      | Reached *** piety under Lugonu
  2569 | D:4      | Reached skill level 5 in Long Blades
  2685 | D:4      | Noticed octopodefightclub's ghost (amateur OpGl)
  2701 | D:4      | Killed octopodefightclub's ghost
  2701 | D:4      | Reached XP level 6. HP: 20/32 MP: 6/8
  2956 | D:4      | Reached skill level 6 in Long Blades
  2969 | D:4      | Killed from afar by an orc priest

Vault maps used:
D:1:      dpeg_arrival_subterranean_lakeside_camping
D:2:      tgw_trog, grunt_temple_overflow_open, uniq_jessica
D:3:      first_bread, hex_medium, uniq_ijyb
D:4:      lemuel_round_altar

Skill      XL: |  1  2  3  4  5  6 |
---------------+-------------------+-----
Long Blades    | 2 3 4 5 6 |  6.0
Invocations    | 2 |  2.5
Fighting       | |  2.6
Armour         | |  1.5
Dodging        | |  0.7

Action                   |  1- 3 |  4- 6 || total
-------------------------+-------+-------++-------
Melee: Falchion          |    66 |    39 ||   105
       Bite              |    15 |    70 ||    85
       Long sword        |       |   195 ||   195
  Use: Scroll            |       |     1 ||     1
  Eat: Chunk             |       |     7 ||     7
Armor: Leather armour    |    29 |     1 ||    30
       Chain mail        |       |   156 ||   156
Dodge: Dodged            |    52 |    74 ||   126
       Rpst.: Falchion   |    16 |     7 ||    23
       Long sword        |       |    23 ||    23
